 Dungeon Crawl Stone Soup version 0.15-a0-1766-g0ee8742 (webtiles) character file.

10275 Impoz the Fighter (level 11, -6/74 HPs)
             Began as a Gargoyle Fighter on June 28, 2014.
             Was an Initiate of Gozag.
             Mangled by a komodo dragon (31 damage)
             ... on Level 11 of the Dungeon.
             The game lasted 00:47:54 (11254 turns).

Impoz the Fighter (Gargoyle Fighter)               Turns: 11254, Time: 00:47:54

HP  -6/74        AC  1     Str 20      XL: 11   Next: 59%
MP  11/11        EV  7     Int  9      God: Gozag
Gold 684         SH 18     Dex 15      Spells:  0 memorised, 10 levels left

rFire  + . .     SeeInvis .     w - +0 mace
rCold  + . .     Clarity  .     c - +2 ring mail of Awoegoul {rF+ rC+ MR++}
rNeg   + . .     rCorr    .     n - +0 large shield
rPois  +         rRot     +     (no helmet)
rElec  +         Spirit   .     p - +1 cloak
SustAb .         Warding  .     q - +2 pair of gloves {archery}
rMut   .         Stasis   .     (no boots)
Gourm  +                        o - amulet of the gourmand
MR     ++...                    (no ring)
                                K - +3 ring of dexterity

@: corroded equipment, very resistant to hostile enchantments, very unstealthy
A: life protection 1, electricity resistance, unbreathing, petrification
resistance, rot immunity, AC +7
a: Potion Petition, Call Merchant, Bribe Branch, Renounce Religion


You were on level 11 of the Dungeon.
You worshipped Gozag.
Gozag was noncommittal.
You were near starving.

You visited 2 branches of the dungeon, and saw 12 of its levels.

You collected 1236 gold pieces.
You spent 432 gold pieces at shops.
You paid 120 gold pieces to Gozag.

Inventory:

Hand weapons
 w - a +0 mace (weapon)
 Y - a +0 flail
Missiles
 h - 5 steel javelins (quivered)
 S - 5 tomahawks
 X - 7 javelins
Armour
 c - the +2 ring mail of Awoegoul (worn) {rF+ rC+ MR++}
   (You bought it in a shop on level 10 of the Dungeon)

   It protects you from fire.
   It protects you from cold.
   It affects your resistance to hostile enchantments.
 n - a +0 large shield (worn)
 p - a +1 cloak (worn)
 q - a +2 pair of gloves of archery (worn)
 F - a +1 chain mail of poison resistance
Magical devices
 E - a wand of lightning (2)
 O - a wand of disintegration (8)
 P - a wand of magic darts (16)
Comestibles
 d - 7 bread rations
 z - 23 fruits
 Q - 6 slices of pizza
 R - 3 meat rations
Scrolls
 f - 4 scrolls of immolation {unknown}
 g - 13 scrolls of identify {unknown}
 i - 4 scrolls of amnesia {unknown}
 k - a scroll of blinking {unknown}
 l - 6 scrolls of remove curse {unknown}
 u - 5 scrolls of teleportation {unknown}
 y - 2 scrolls of magic mapping {unknown}
 D - a scroll of fear {unknown}
 H - 2 scrolls of enchant armour {unknown}
 L - a scroll of noise {unknown}
 M - 5 scrolls of fog {unknown}
 T - a scroll of enchant weapon {unknown}
 U - a scroll of acquirement {unknown}
 W - a scroll of recharging {unknown}
Jewellery
 o - an amulet of the gourmand (around neck)
 K - a +3 ring of dexterity (left hand)
 Z - an uncursed amulet of faith
Potions
 b - 2 potions of lignification {unknown}
 e - a potion of might
 j - a potion of restore abilities {unknown}
 r - 3 potions of curing {unknown}
 s - a potion of paralysis {unknown}
 t - 2 potions of haste {unknown}
 v - 2 potions of confusion {unknown}
 A - a potion of brilliance {unknown}
 C - a potion of berserk rage {unknown}
 G - a potion of degeneration {unknown}
 I - a potion of mutation {unknown}
 N - 2 potions of agility {unknown}
Books
 m - the Almanac of Good Luck
   (You found it on level 11 of the Dungeon)

   Spells                             Type                      Level
   Regeneration                       Charms/Necromancy            3
   Spectral Weapon                    Hexes/Charms                 3
   Haste                              Charms                       6
   Ring of Flames                     Charms/Fire                  7
 x - a book of Fire

   Spells                             Type                      Level
   Ignite Poison                      Fire/Transmutation           5
   Fireball                           Conjuration/Fire             5
   Bolt of Fire                       Conjuration/Fire             6
   Delayed Fireball                   Conjuration/Fire             7
   Ring of Flames                     Charms/Fire                  7
 B - a book of Necromancy

   Spells                             Type                      Level
   Pain                               Necromancy                   1
   Animate Skeleton                   Necromancy                   1
   Vampiric Draining                  Necromancy                   3
   Regeneration                       Charms/Necromancy            3
   Animate Dead                       Necromancy                   4
   Control Undead                     Necromancy                   4
Magical staves
 V - an uncursed staff of poison {unknown}


   Skills:
 + Level 11.5 Fighting
 + Level 10.3 Maces & Flails
 - Level 5.1 Armour
 + Level 11.4 Shields


You had 10 spell levels left.
You didn't know any spells.

Dungeon Overview and Level Annotations

Branches:
Dungeon (11/15)            Temple (1/1) D:5             Orc (0/4) D:9
   Lair: D:8-11

Altars:
Ashenzari
Cheibriados
Dithmenos
Elyvilon
Fedhas
Gozag
Kikubaaqudgha
Makhleb
Nemelex Xobeh
Okawaru
Qazlal
Sif Muna
Trog
Vehumet
Xom
Yredelemnul
Zin
The Shining One

Shops:
D:10 [

Annotations:
D:9 1 exclusion


Innate Abilities, Weirdness & Mutations

You are resistant to torment.
You are immune to poison.
Your stone body is very resilient (AC +7).
You resist negative energy.
You are resistant to electric shocks.
You can survive without breathing.
You are immune to petrification.
You are immune to rotting.


Message History

You hit the komodo dragon but do no damage.
The komodo dragon is lightly wounded.
You block the komodo dragon's attack.
You closely miss the komodo dragon.
The komodo dragon is lightly wounded.
You block the komodo dragon's attack.
You hit the komodo dragon.
The komodo dragon is lightly wounded.
The komodo dragon bites you!!
* * * LOW HITPOINT WARNING * * *
Drink which item? (? for menu, Esc to quit)
You feel much better. You block the komodo dragon's attack.
You barely miss the komodo dragon.
The komodo dragon is lightly wounded.
The komodo dragon bites you!!
* * * LOW HITPOINT WARNING * * *
Drink which item? (? for menu, Esc to quit)
You feel much better. The komodo dragon bites you!!
You die...
Your body crumbles into a pile of gold.

##...## #.# #.# ##.## #.#
#.# #.# #.# #.# #.# #.#
#.# #'# #.# #.# ...
#.####### #####.# #....
..# #.....## . #l.## #.#
#.#.#..#
.....####@..###.###.#.#...
.....'....................
.....####.###.#.###.#.#...
. #.# #.#.# #.##...#
#.###...# #.##..##
#.....### #.##..# #####.#
#.....# #.# ####.## #.#
#.#


You could see a komodo dragon.

Vanquished Creatures
  2 hydras
  The ghost of letownia the Thaumaturge, a powerful SpVM of Sif Muna (D:11)
  The ghost of Schneiderlin the Grappler, an experienced TrGl of Cheibriados (D:11)
  2 hill giants (D:11)
  A komodo dragon (D:11)
  A troll (D:9)
  2 wyverns
  A hippogriff (D:7)
  2 yaks (D:8)
  3 ugly things (D:10)
  A steam dragon (D:8)
  An ogre zombie (D:10)
  7 sky beasts
  A water moccasin (D:8)
  A phantom (D:4)
  An orc warrior (D:9)
  A necrophage (D:8)
  3 ice beasts
  2 ogres
  2 centaurs
  Duvessa (D:6)
  3 big kobolds (D:8)
  2 insubstantial wisps (D:8)
  4 giant frogs
  A gnoll sergeant (D:8)
  6 killer bees
  2 scorpions
  11 wights
  A hippogriff skeleton (D:7)
  A yak skeleton (D:11)
  A centaur zombie (D:3)
  Dowan (D:6)
  2 crimson imps
  A two-headed ogre zombie (D:10)
  A giant frog zombie (D:9)
  6 hounds
  2 goliath beetles
  3 jellies
  Crazy Yiuf (D:3)
  A quasit (D:7)
  An iguana (D:10)
  An orc priest (D:9)
  Natasha (thrice) (D:4)
  5 orc wizards
  7 worker ants
  2 sheep (D:8)
  Ijyb (D:2)
  Jessica (D:2)
  A hound skeleton (D:6)
  10 adders
  10 gnolls
  An inept feature mimic (D:3)
  3 shadow imps
  2 goliath beetle zombies
  2 worms
  An iguana skeleton (D:8)
  6 giant geckos
  17 orcs
  5 giant cockroaches
  9 goblins
  15 hobgoblins
  3 jackals (D:9)
  7 quokkas
  16 bats
  A giant cockroach zombie (D:5)
  3 giant newts
  2 giant spores
  A gnoll zombie (D:5)
  11 kobolds
  2 orc zombies (D:7)
  A quokka skeleton (D:8)
  A quokka zombie (D:6)
  7 rats
  4 ballistomycetes
249 creatures vanquished.

Vanquished Creatures (others)
  A black bear (D:11)
  A giant spore (D:9)
  7 plants (D:11)
9 creatures vanquished.

Grand Total: 258 creatures vanquished

Notes
Turn   | Place    | Note
--------------------------------------------------------------
     0 | D:1      | Impoz, the Gargoyle Fighter, began the quest for the Orb.
     0 | D:1      | Reached XP level 1. HP: 14/14 MP: 1/1
   198 | D:1      | Reached XP level 2. HP: 19/19 MP: 2/2
   592 | D:1      | Reached XP level 3. HP: 23/23 MP: 3/3
  1134 | D:2      | Noticed Jessica
  1143 | D:2      | Killed Jessica
  1143 | D:2      | Reached skill level 4 in Fighting
  1143 | D:2      | Reached XP level 4. HP: 22/29 MP: 4/4
  1202 | D:2      | Noticed Ijyb
  1212 | D:2      | Killed Ijyb
  1912 | D:3      | Noticed Crazy Yiuf
  1925 | D:3      | Killed Crazy Yiuf
  1925 | D:3      | Reached XP level 5. HP: 21/33 MP: 2/5
  2483 | D:3      | Noticed a sky beast
  2586 | D:3      | Killed a sky beast
  2586 | D:3      | Reached XP level 6. HP: 26/39 MP: 6/6
  3350 | D:4      | Noticed Natasha
  3362 | D:4      | Killed Natasha
  3362 | D:4      | Reached skill level 5 in Fighting
  3437 | D:4      | Reached skill level 5 in Armour
  3437 | D:4      | Reached XP level 7. HP: 34/44 MP: 7/7
  3696 | D:4      | Noticed Natasha
  3705 | D:4      | Killed Natasha
  3929 | D:4      | Noticed Natasha
  3931 | D:4      | Killed Natasha
  3982 | D:5      | Entered Level 5 of the Dungeon
  4407 | D:5      | Reached skill level 5 in Shields
  4903 | D:5      | Found a staircase to the Ecumenical Temple.
  5040 | D:6      | Reached skill level 6 in Fighting
  5130 | D:6      | Reached XP level 8. HP: 51/51 MP: 8/8
  5253 | D:6      | Reached skill level 5 in Maces & Flails
  5319 | Temple   | Entered the Ecumenical Temple
  5474 | Temple   | Became a worshipper of Gozag Ym Sagoz the Greedy
  5561 | D:6      | Noticed Duvessa
  5562 | D:6      | Noticed Dowan
  5584 | D:6      | Killed Duvessa
  5591 | D:6      | Killed Dowan
  6231 | D:7      | Reached skill level 7 in Fighting
  6239 | D:7      | Found an iron altar of Okawaru.
  6390 | D:7      | Reached XP level 9. HP: 56/58 MP: 9/9
  6553 | D:7      | Reached skill level 8 in Fighting
  7554 | D:8      | Reached skill level 9 in Fighting
  7740 | D:8      | Found an ancient bone altar of Kikubaaqudgha.
  7744 | D:8      | Found a blossoming altar of Fedhas.
  7934 | D:8      | Reached XP level 10. HP: 66/66 MP: 10/10
  8300 | D:8      | Noticed a three-headed hydra
  8314 | D:8      | Killed a three-headed hydra
  8314 | D:8      | Reached skill level 10 in Fighting
  8529 | D:9      | Found a staircase to the Orcish Mines.
  8567 | D:9      | Reached skill level 10 in Shields
  8591 | D:9      | Found a burning altar of Makhleb.
  8843 | D:9      | Found a bloodstained altar of Trog.
  9055 | D:9      | Found a deep blue altar of Sif Muna.
  9289 | D:10     | Entered Level 10 of the Dungeon
  9547 | D:10     | Reached XP level 11. HP: 54/73 MP: 11/11
  9569 | D:10     | Found Voymitt's Antique Armour Boutique.
  9829 | D:10     | Bought a bronze ring mail for 216 gold pieces
  9829 | D:10     | Bought a glowing cloak for 108 gold pieces
  9829 | D:10     | Bought a pair of glowing gloves for 108 gold pieces
  9847 | D:10     | Identified the +2 ring mail of Awoegoul {rF+ rC+ MR++} (You bought it in a shop on level 10 of the Dungeon)
 10292 | D:11     | Identified the Almanac of Good Luck
 10338 | D:11     | Noticed a four-headed hydra
 10343 | D:11     | Killed a four-headed hydra
 10343 | D:11     | Reached skill level 11 in Fighting
 10345 | D:11     | Noticed a hill giant
 10349 | D:11     | Killed a hill giant
 10617 | D:11     | Noticed a hill giant
 10621 | D:11     | Killed a hill giant
 10621 | D:11     | Reached skill level 10 in Maces & Flails
 10784 | D:11     | Noticed letownia's ghost (powerful SpVM)
 10806 | D:11     | Noticed Schneiderlin's ghost (experienced TrGl)
 10874 | D:11     | Killed letownia's ghost
 10894 | D:11     | Killed Schneiderlin's ghost
 11254 | D:11     | Mangled by a komodo dragon

Action                   |  1- 3 |  4- 6 |  7- 9 | 10-12 || total
-------------------------+-------+-------+-------+-------++-------
Melee: Flail             |   104 |   195 |   675 |   370 ||  1344
       Whip              |       |       |       |   125 ||   125
       Mace              |       |       |       |   128 ||   128
Throw: Javelin           |       |     5 |    18 |    38 ||    61
       Tomahawk          |       |       |       |     2 ||     2
Evoke: Wand              |       |       |     4 |    14 ||    18
  Use: Potion            |       |       |     1 |     6 ||     7
